 Dungeon Crawl Stone Soup version 0.27-a0-972-gd1521fd518 (webtiles) character file.

Game seed: 2784296003929701472

110 Froggeryz the Ruffian (level 4, -2/34 (36) HPs)
             Began as a Demigod Transmuter on Apr 14, 2021.
             Slain by Grinder (4 damage)
             ... on level 3 of the Dungeon.
             The game lasted 00:02:57 (2620 turns).

Froggeryz the Ruffian (Demigod Transmuter)          Turns: 2620, Time: 00:02:58

HP:   -2/34 (36)    AC:  6    Str: 15    XL:     4   Next: 35%
MP:   9/9           EV: 11    Int: 15    God:
Gold: 108           SH:  0    Dex: 14    Spells: 5/6 levels left

rFire    . . .     SeeInvis .     - Unarmed
rCold    . . .     Faith    .   (no shield)
rNeg     . . .     Spirit   .   d - +0 ring mail
rPois    .         Reflect  .   g - +0 helmet
rElec    .         Harm     .   (no cloak)
rCorr    .         Rampage  .   (no gloves)
Will     .....                  (no boots)
Stlth    +.........             c - amulet of regeneration
HPRegen  1.11/turn              (no ring)
MPRegen  0.11/turn              (no ring)

@: drained
A: high mp 1, forlorn
a: no special abilities


You were on level 3 of the Dungeon.
You visited 1 branch of the dungeon, and saw 3 of its levels.

You collected 108 gold pieces.

Inventory:

Armour
 d - a +0 ring mail (worn)
 g - a +0 helmet (worn)
Jewellery
 c - an amulet of regeneration (around neck)
Scrolls
 a - a scroll of fear
 b - a scroll of teleportation {unknown}
 e - a scroll of enchant armour {unknown}
 f - 2 scrolls of identify {unknown}


   Skills:
 - Level 2.3 Fighting
 + Level 0.1 Armour
 - Level 1.7 Dodging
 * Level 4.3 Unarmed Combat
 - Level 1.7 Spellcasting
 - Level 1.7 Transmutations


You had 5 spell levels left.
You knew the following spells:

 Your Spells              Type           Power      Damage    Failure   Level
a - Beastly Appendage     Tmut           12%        N/A       22%         1

Your spell library contained the following spells:

 Spells                   Type           Power      Damage    Failure   Level
 Wereblood                Tmut           6%         N/A       32%         2
 Magic Dart               Conj           4%         1d3       41%         1
 Blink                    Tloc           N/A        N/A       56%         2
 Call Imp                 Summ           1%         N/A       56%         2
 Slow                     Hex            1%         N/A       56%         2
 Spider Form              Tmut/Pois      1%         N/A       67%         3
 Conjure Flame            Conj/Fire      1%         6-21      80%         3
 Mephitic Cloud           Conj/Pois/Air  1%         N/A       80%         3
 Ice Form                 Ice/Tmut       3%         N/A       97%         4
 Hydra Form               Tmut           3%         N/A       99%         5


Dungeon Overview and Level Annotations

Branches:
Dungeon (3/15)

Annotations:
D:3 Grinder, Sigmund


Innate Abilities, Weirdness & Mutations

Your attributes grow dramatically as you level up.
You have an increased reservoir of magic. (+10% MP)
You shall have no god before yourself.


Message History

Grinder is heavily wounded.
Grinder hits you.
You writhe in agony.
You closely miss Grinder.
Grinder is heavily wounded.
Grinder hits you.
You hit Grinder.
Grinder is heavily wounded.
Grinder closely misses you.
You hit Grinder.
Grinder is severely wounded.
Grinder gestures at you.
You suddenly lose the ability to move!
Grinder hits you.
You writhe in agony.
Grinder says, "There's only one good use for a tongue: cutting it out."
Grinder hits you.
You writhe in agony.
Grinder says, "Tell me all your secrets, or I'll kill you."
Grinder hits you but does no damage. Grinder hits you.
You writhe in agony.
Grinder hits you but does no damage. Grinder hits you.
You writhe in agony.
* * * LOW HITPOINT WARNING * * *
You can move again.
Unknown command.
Unknown command.
You aren't carrying any potions.
You hit Grinder.
Grinder is severely wounded.
Grinder gestures at you. Pain shoots through your body!
* * * LOW HITPOINT WARNING * * *
You closely miss Grinder.
Grinder is severely wounded.
Grinder hits you.
* * * LOW HITPOINT WARNING * * *
You writhe in agony.
* * * LOW HITPOINT WARNING * * *
You barely miss Grinder.
Grinder is severely wounded.
Grinder hits you.
You die...

####+### #......# ###
#......# #.# #...†..# ##.#
#.# #... ...# #.# :..# +#
##.############.######...##.#
.....................+...>..
................@5...#....#
####......#####.####......#
#......'.....#####.....#
##.....#####...........#
####### ####.##<###.# #.##..#
#.###.## #.# #..# #.# ##.#


You could see Grinder.

Vanquished Creatures
  Robin (D:2)
  3 adders (D:2)
  A white imp (D:3)
  A dart slug (D:1)
  6 bats
  4 endoplasms
  4 giant cockroaches
  14 goblins
  4 hobgoblins
  3 kobolds
  3 quokkas
  3 ball pythons
  4 frilled lizards (D:1)
  11 rats
62 creatures vanquished.

Notes
Turn   | Place    | Note
-------+----------+-------------------------------------------
     0 | D:1      | Froggeryz the Demigod Transmuter began the quest for the
                  | Orb.
     0 | D:1      | Reached XP level 1. HP: 15/15 MP: 5/5
    71 | D:1      | Reached skill level 1 in Fighting
   163 | D:1      | Reached skill level 3 in Unarmed Combat
   173 | D:1      | Reached XP level 2. HP: 9/23 MP: 7/7
   477 | D:1      | You fall into a shaft and drop 1 floor!
  1204 | D:1      | Reached XP level 3. HP: 29/29 MP: 8/8
  1891 | D:2      | Reached skill level 4 in Unarmed Combat
  2082 | D:3      | Noticed Robin
  2084 | D:3      | Noticed Sigmund
  2248 | D:2      | Reached XP level 4. HP: 28/36 MP: 9/9
  2291 | D:2      | Killed Robin
  2579 | D:3      | Noticed Grinder
  2611 | D:3      | Paralysed by Grinder for 6 turns
  2619 | D:3      | HP: 1/34 [Grinder (2)]
  2620 | D:3      | Slain by Grinder

Illustrated notes

Levels and vault maps discovered:
D:1:      minmay_arrival_stone_box, layout_rooms, ebering_ecumenical_altar_rust
D:2:      layout_basic
D:3:      layout_basic, grunt_gozag_breadcrumbs, uniq_sigmund, uniq_ijyb,
          uniq_robin, uniq_grinder

Skill      XL: |  1  2  3 |
---------------+----------+-----
Fighting       | 1 2 |  2.3
Unarmed Combat | 3 4 |  4.3
Armour         | |  0.1
Dodging        | |  1.7
Spellcasting   | |  1.7
Transmutations | |  1.7

Action                   |  1- 3 |  4- 6 || total
-------------------------+-------+-------++-------
Melee: Unarmed           |   161 |    68 ||   229
       Kick              |       |     2 ||     2
       Headbutt          |       |     1 ||     1
 Cast: Beastly Appendage |       |     1 ||     1
  Use: Potion            |     2 |     1 ||     3
       Scroll            |       |     1 ||     1
Armor: Ring mail         |    89 |    29 ||   118
       Skin              |     2 |       ||     2
Dodge: Dodged            |   124 |    25 ||   149

Table legend: (Time is in decaauts)
 A = Elapsed time spent in this place.
 B = Non-inter-level travel time spent in this place.
 C = Inter-level travel time spent in this place.
 D = Time resting spent in this place.
 E = Time spent auto-exploring this place.
 F = Levels seen in this place.
 G = Mean time per level.
                   A        B        C        D        E       F      G
               +--------+--------+--------+--------+--------+-----+--------+
         Total |   2614 |   2475 |    139 |    379 |   1638 |   3 |  871.3 |
       Dungeon |   2614 |   2475 |    139 |    379 |   1638 |   3 |  871.3 |
               +--------+--------+--------+--------+--------+-----+--------+

Top non-repeatable levels by time:
     D:2: 1410 daAuts
     D:1: 943 daAuts
     D:3: 261 daAuts
